[Event "Late-Titled-Tuesday-Blitz-February-13-2024"]
[Site "Chess.com"]
[Date "2024.02.13"]
[Round "6"]
[White "kikoveiga"]
[Black "HamedWafa4"]
[Result "1-0"]
[WhiteElo "2525"]
[BlackElo "2705"]
[TimeControl "180+1"]
[EndTime "15:08:30 PST"]
[Termination "kikoveiga won by resignation"]

1. c4 e6 2. Nc3 Bb4 3. Nf3 Bxc3 4. dxc3 f5 5. Bg5 Nf6 6. e3 O-O 7. Bd3 b6 8. O-O Bb7 9. a4 a5 10. h3 h6 11. Bf4 d6 12. Bh2 Nbd7 13. Nd4 Qe7 14.
Be2 Ne4 15. Bf3 Ne5 16. Be2 Ba6 17. f3 Nc5 18. b4 Ncd7 19. Qb3 Kh8 20. Rfe1 c5 21.
Nb5 Bxb5 22. axb5 cxb4 23. cxb4 axb4 24. Qxb4 Nc5 25. Red1 g5 26. Rxa8 Rxa8 27. Qd2 Nb7 28. Qd4 Ra2 29. Bf1 Nc5 30. Qxd6 Qxd6 31. Rxd6 Ned7 32.
h4 Kg8 33. hxg5 hxg5 34. e4 f4 35. g3 Ne5 36. Bg2 Ncd3 37. gxf4 Ra1+ 38. Bf1 gxf4 39. Kg2 Ne1+ 40. Kf2 N1xf3 41. Bxf4 Kf7 42. Rxb6 Ra2+ 43.
Kg3 Ra1 44. Bh3 Ra3 45. Kf2 Ra2+ 46. Kg3 Ra3 47. Bxe6+ Ke7 48. Kf2 Ra2+ 49. Ke3 Ra3+ 50. Kf2 Ra2+ 51. Kg3 Ra3 52. Bd5 Nd4+ 53. Kh4 Nef3+ 54.
Kg4 Ra1 55. Rb7+ Ke8 56. Be3 Re1 57. Bxd4 Nxd4 58. c5 Rc1 59. c6 Kd8 60. Rd7+ Kc8 61. Rh7 Nxb5 62. e5 Rg1+ 63. Kf5 Rf1+ 64. Ke6 Nd4+ 65. Kd6 Nb5+ 66. Kc5 Nc3 67. e6 Rf5 68. Rh8+ Kc7 69. e7 Nxd5 70. e8=Q Nf6+ 71. Kc4 Nxe8 72.
Rxe8 Kxc6 73. Re6+ Kd7 74. Re4 Rf3 75. Rd4+ Ke6 76. Re4+ Kd6 77. Rh4 Rf6 78. Kd4 Rh6 79. Rxh6+ 1-0

[Event "Late-Titled-Tuesday-Blitz-February-13-2024"]
[Site "Chess.com"]
[Date "2024.02.13"]
[Round "6"]
[White "Cambek64"]
[Black "Lucas_Tomiello"]
[Result "1/2-1/2"]
[WhiteElo "2508"]
[BlackElo "2681"]
[TimeControl "180+1"]
[EndTime "15:08:30 PST"]
[Termination "Game drawn - insufficient material"]

1. d4 Nf6 2. Nf3 d5 3. c4 e6 4. Nc3 a6 5. cxd5 exd5 6. Bg5 Be7 7. e3 Be6 8. Bd3 Nbd7 9. O-O h6 10. Bh4 O-O 11. Rb1 b5 12. a4 b4 13. Na2 Ne4 14. Bxe7 Qxe7 15. Nc1 c5 16. dxc5 Ndxc5 17. Nd4 Rac8 18.
Nce2 Bd7 19. Bc2 a5 20. Re1 Rfd8 21. f3 Nd6 22. Nf4 Qe5 23. b3 Ne6 24. Nfxe6 Bxe6 25. Bd3 Rc3 26. Qd2 Rdc8 27. Ne2 R3c7 28. Rbc1 Bf5 29.
Rxc7 Rxc7 30. Rc1 Rxc1+ 31. Nxc1 d4 32. exd4 Qxd4+ 33. Kf1 g6 34. Qc2 Be6 35. Ne2 Qa1+ 36. Kf2 Nf5 37. Bxf5 Bxf5 38. Qc5 Qb2 39. Qxa5 Qxb3 40.
Qd8+ Kh7 41. Nd4 Qa2+ 42. Kg3 Qd2 43. Qf6 Qg5+ 44. Qxg5 hxg5 45. a5 Bd3 46. Kf2 Bc4 47. Ke3 Kg7 48. Kd2 Kf6 49. Nc6 b3 50. Nb4 Ke5 51.
Kc3 Bb5 52. a6 Bxa6 53. Nxa6 Kf4 54. Nc5 Ke3 55. Nxb3 Kf2 56. Kd3 Kxg2 57. Ke3 Kxh2 58. Nc5 f5 59. Ne6 g4 60. fxg4 fxg4 61. Kf4 g3 62.
Ng5 g2 63. Nf3+ Kh3 64. Ng1+ Kh4 65. Nf3+ Kh3 66. Ng1+ Kh2 67. Nf3+ Kh1 68. Kg5 g1=Q+ 69. Nxg1 Kxg1 70. Kxg6 1/2-1/2

[Event "Late-Titled-Tuesday-Blitz-February-13-2024"]
[Site "Chess.com"]
[Date "2024.02.13"]
[Round "6"]
[White "DanylaBagrov"]
[Black "AsaHoffmann"]
[Result "1-0"]
[WhiteElo "2560"]
[BlackElo "2429"]
[TimeControl "180+1"]
[EndTime "15:08:37 PST"]
[Termination "DanylaBagrov won on time"]

1. f4 d6 2. Nf3 Nf6 3. g3 c5 4. Bg2 Nc6 5. O-O g6 6. d3 Bg7 7. e4 O-O 8. c3 Bd7 9. Na3 Rb8 10. Nc2 b5 11. a3 a5 12. Qe2 b4 13. axb4 axb4 14.
Bd2 Qc8 15. cxb4 Nxb4 16. Nxb4 cxb4 17. Rfc1 Qb7 18. h3 Ra8 19. Be3 Bb5 20. Qd2 Bd7 21. g4 Rfc8 22. f5 Ne8 23. Nd4 Be5 24. Nb3 Ba4 25.
Rxc8 Qxc8 26. Qxb4 Bxb3 27. Rxa8 Qxa8 28. Qxb3 Qa1+ 29.
Bf1 Qxb2 30. Qxb2 Bxb2 31. d4 Nf6 32. Bd3 Nd7 33. Kf2 Kg7 34. Kf3 Bc3 35. Bb5 Nf8 36.
Ke2 h5 37. Kd3 Bb2 38. Bg5 e6 39. Bc6 hxg4 40. hxg4 Ba3 41. Be7 Nh7 42. fxe6 fxe6 43. e5 Nf8 44. exd6 Kf7 45. Kc4 Nh7 46. Kb5 Nf6 47.
Kb6 Nd5+ 48. Bxd5 exd5 49. Kc6 Ke6 50. Bg5 Bxd6 51. Kb5 Bg3 52. Be3 Be1 53. Kc6 Bc3 54.
Kb5 Kd6 55. Ka4 Ke6 56. Kb3 Be1 57. Ka4 Bg3 58. Kb5 Bd6 59. Kc6 Be7 60. Kc7 Bd6+ 61. Kd8 Be7+ 62. Ke8 Bd6 63. Bg5 Bb4 64. Bh6 Bc3 65.
Bg7 g5 66. Kf8 Bd2 67. Kg8 Bf4 68. Kh7 Kf7 69. Kh6 Be3 70. Be5 Ke6 71. Kg6 Ke7 72. Bf6+ Ke6 73. Bh8 Ke7 74. Kf5 Kf7 75. Bf6 Kf8 76.
Ke5 Kf7 77. Bd8 Kg6 78. Kxd5 1-0

[Event "Late-Titled-Tuesday-Blitz-February-13-2024"]
[Site "Chess.com"]
[Date "2024.02.13"]
[Round "6"]
[White "ahmedkandiliii"]
[Black "Flawless_Fighter"]
[Result "0-1"]
[WhiteElo "2549"]
[BlackElo "2744"]
[TimeControl "180+1"]
[EndTime "15:08:38 PST"]
[Termination "Flawless_Fighter won by resignation"]

1. e4 c5 2. Nf3 d6 3. Bb5+ Bd7 4. Bd3 Nc6 5. c3 e6 6. O-O Nf6 7. Bc2 Rc8 8. d4 cxd4 9. cxd4 Nb4 10. Nc3 Nxc2 11.
Qxc2 d5 12. Bg5 dxe4 13. Bxf6 Qxf6 14. Qxe4 b6 15. Ne5 Bd6 16. Nxd7 Kxd7 17. d5 Qf4 18. dxe6+ fxe6 19. Qxf4 Bxf4 20. Rad1+ Ke7 21. Rfe1 Kf6 22. g3 Bb8 23. Rd7 Rhd8 24. Ne4+ Kg6 25. Red1 Rxd7 26. Rxd7 Be5 27. b3 a5 28. Kg2 Rc2 29. a4 Rb2 30. Nd2 Bc3 31. Nc4 Rxb3 32. Rd6 Rb4 33. Nxb6 Kf7 34. Rc6 Bd4 35. Nc4 Rxa4 36.
Nd6+ Ke7 37. Ne4 Ra2 38. Rc7+ Kd8 39. Rb7 a4 40. Rb4 e5 41. Rb5 a3 42. Ra5 Ra1 43.
Kf3 a2 44. Ra6 Kc7 45. Ra8 Kb7 46. Ra3 Kb6 47. Nd2 Rf1 48. Rxa2 Rxf2+ 49. Ke4 Kb5 50. Rc2 g6 51. Kd3 Rxh2 52. g4 Rg2 53. g5 Rxg5 54. Nf3 Rg3 55. Ke4 h5 56. Rc1 Rg4+ 57.
Kd5 h4 58. Rb1+ Ka4 59. Kc4 Ka3 60. Nd2 Be3+ 61. Kd3 Bxd2 62. Kxd2 h3 63. Kc3 Rg3+ 64.
Kc2 h2 65. Rh1 Rg2+ 66. Kd3 Rg1 67. Ke3 Rxh1 0-1

[Event "Late-Titled-Tuesday-Blitz-February-13-2024"]
[Site "Chess.com"]
[Date "2024.02.13"]
[Round "6"]
[White "DeGrootteZ"]
[Black "Njal28"]
[Result "1-0"]
[WhiteElo "2842"]
[BlackElo "2984"]
[TimeControl "180+1"]
[EndTime "15:08:39 PST"]
[Termination "DeGrootteZ won by checkmate"]

1. c4 g6 2. Nc3 Bg7 3. d4 c5 4. e3 Nf6 5. Nf3 O-O 6. d5 d6 7.
h3 e6 8. Bd3 Re8 9. O-O a6 10.
a4 Nbd7 11. e4 exd5 12. exd5 Ne5 13. Nxe5 Rxe5 14. Bf4 Re8 15. Qd2 Nh5 16. Bh2 Qh4 17. Bxd6 Bxh3 18. gxh3 Qxh3 19. Rfe1 Bd4 20. Bf1 Qh4 21.
Bg2 Rad8 22. Bc7 Rc8 23. Bh2 Nf6 24. Qf4 Qh5 25. Bg3 Kg7 26. Qh4 Qf5 27. Bh3 Qf3 28.
Bxc8 Rxc8 29. Qf4 Bxf2+ 30. Kf1 Qxg3 31. Qxg3 Bxg3 32. Re7 Rc7 33. Rxc7 Bxc7 34. Re1 Kf8 35. Ne4 Nxe4 36. Rxe4 h5 37. Re3 h4 38. Kg2 g5 39.
Kh3 f5 40. Re6 Bd8 41. Re5 g4+ 42. Kg2 h3+ 43. Kf2 g3+ 44. Kg1 f4 45. Rf5+ Ke8 46. Rxf4 Bg5 47. Rf3 Bh4 48. Rf5 Kd7 49. Rh5 Bf6 50.
Rxh3 Bxb2 51. Rxg3 Kd6 52. Rb3 Bd4+ 53. Kg2 Kc7 54. Kf3 Be5 55. Ke4 Bh2 56. Rh3 Bd6 57.
a5 b5 58. Rh7+ Kb8 59. Rh6 Kc7 60. Rh7+ Kb8 61. cxb5 axb5 62. a6 c4 63. Rb7+ Ka8 64. Rxb5 Ka7 65. Ra5 c3 66. Ra2 Be7 67. Kd3 Bf6 68. d6 Bg7 69. d7 Bf6 70. Ra4 Be7 71. Kxc3 Bd8 72. Kc4 Bc7 73. Kd5 Bd8 74. Ke6 Bb6 75.
Kf7 Bc7 76. Ke8 Ka8 77. d8=Q+ Bxd8 78. Kxd8 Ka7 79. Kd7 Kb6 80. a7 Kb5 81. a8=Q Kc5 82. Qc6# 1-0

[Event "Late-Titled-Tuesday-Blitz-February-13-2024"]
[Site "Chess.com"]
[Date "2024.02.13"]
[Round "6"]
[White "Baronessa08"]
[Black "CFalcons8"]
[Result "1/2-1/2"]
[WhiteElo "2541"]
[BlackElo "2430"]
[TimeControl "180+1"]
[EndTime "15:08:47 PST"]
[Termination "Game drawn by agreement"]

1. Nf3 Nf6 2. d4 e6 3. c4 d5 4.
g3 Bb4+ 5. Bd2 Be7 6. Bg2 O-O 7. O-O c6 8. Qc2 b6 9. Bf4 Bb7 10. Rc1 Nbd7 11. Ne5 Nxe5 12. Bxe5 Bd6 13. Bxd6 Qxd6 14.
e3 Rac8 15. c5 Qe7 16. Nd2 e5 17. b4 Nd7 18. a4 f5 19. Nb3 Rc7 20. cxb6 axb6 21.
a5 Qxb4 22. a6 Ba8 23. dxe5 Nxe5 24. Nd4 Ra7 25. Nxf5 Raf7 26. e4 c5 27. f4 dxe4 28. Rab1 Qa3 29. Nd6 Qe3+ 30. Qf2 Qxf2+ 31. Kxf2 Rd7 32.
Nc4 Nd3+ 33. Ke2 Nxc1+ 34. Rxc1 b5 35. Nb6 Rd6 36. Nxa8 Rxa8 37. Bxe4 Raxa6 38. Rxc5 Ra2+ 39. Kf3 Rxh2 40. Bd5+ Kf8 41. Rxb5 Ke7 42. Be4 g6 43. Rb7+ Kf6 44. Rc7 Ra6 45. Bd3 Rb6 46. Rd7 Rhb2 47.
Ke3 Re6+ 48. Kf3 Rb3 49. g4 Re7 50. Rd6+ Kg7 51. g5 Rc7 52. Kg4 Rbc3 53. Be4 R3c4 54. Re6 Rd4 55. Re5 Rdd7 56. f5 gxf5+ 57. Bxf5 Rd4+ 58.
Be4 Rcc4 59. Kf4 Rc7 60. Re6 Rd1 61. Bf5 Rf1+ 62. Kg4 Rc4+ 63. Be4 Re1 64. Kf4 Rf1+ 65. Kg4 Rf7 66. Re5 Kf8 67. Kh5 Kg7 68. Bd5 Rcc7 69. Bxf7 Rxf7 70. Ra5 Re7 71. Rb5 1/2-1/2

[Event "Late-Titled-Tuesday-Blitz-February-13-2024"]
[Site "Chess.com"]
[Date "2024.02.13"]
[Round "6"]
[White "BilodeauA"]
[Black "vi_pranav"]
[Result "1-0"]
[WhiteElo "2975"]
[BlackElo "3043"]
[TimeControl "180+1"]
[EndTime "15:08:49 PST"]
[Termination "BilodeauA won by resignation"]

1. e4 e5 2. Nf3 Nc6 3. Bc4 Nf6 4.
d3 h6 5. c3 d6 6. Nbd2 g6 7.
Nf1 Bg7 8. Ng3 O-O 9. a4 Be6 10.
Bxe6 fxe6 11. O-O Kh7 12. b4 a5 13. b5 Ne7 14. d4 Nd7 15. Be3 Qe8 16. Qe2 g5 17. h3 Ng6 18. Nh5 Bh8 19. Rad1 Nf4 20. Nxf4 gxf4 21. Bc1 Qg6 22. Kh1 Rf7 23. Rg1 Rg8 24.
Rde1 Qh5 25. Qd1 Qg6 26. Bb2 Bf6 27. Qb3 Re7 28. Qc2 Qh5 29. Nh2 Bh8 30. f3 Qf7 31. Rd1 Nf6 32. Rge1 Nh5 33. Nf1 Qg6 34. Re2 Bf6 35.
b6 cxb6 36. dxe5 Bxe5 37. c4 Reg7 38. Bxe5 dxe5 39. Rd6 Qf6 40. Rxb6 Rd8 41. Rb5 Rgd7 42. Rb1 Kg6 43. Kh2 Qh4 44. Rbe1 Rd3 45. Qb2 Rd1 46.
Qc3 b6 47. c5 Rxe1 48. Rxe1 Rc8 49. Qxe5 Qxe1 50. Qxe6+ Nf6 51. Qxc8 bxc5 52. Qf5+ Kg7 53. e5 Nh7 54. e6 Nf6 55. Qxc5 Qxe6 56. Qxa5 Qe2 57. Nd2 Qe1 58. Qc7+ Kg6 59. Qxf4 Qa1 60. Qg3+ Kf7 61. Qf4 Kg6 62. Ne4 Nh5 63. Qg4+ Kh7 64. Qxh5 Qxa4 65. Qf7+ Kh8 66. Qf6+ Kh7 67. Qe7+ Kh8 68. Qe5+ Kh7 69. f4 Kg8 70. f5 h5 71.
f6 Kf7 72. Qxh5+ Ke6 73. Nc5+ Kxf6 74. Nxa4 1-0

[Event "Late-Titled-Tuesday-Blitz-February-13-2024"]
[Site "Chess.com"]
[Date "2024.02.13"]
[Round "6"]
[White "Flaccidmoves"]
[Black "Bilan_Danila"]
[Result "1/2-1/2"]
[WhiteElo "2429"]
[BlackElo "2533"]
[TimeControl "180+1"]
[EndTime "15:09:09 PST"]
[Termination "Game drawn by 50-move rule"]

1. d4 d5 2. c4 c6 3. cxd5 cxd5 4. Bg5 Nf6 5. Bxf6 gxf6 6. e3 Nc6 7. Nc3 e6 8. g3 Bd6 9. Bg2 Bd7 10. Nge2 Rc8 11. O-O f5 12. Rc1 Ne7 13. Qb3 Bc6 14.
Na4 O-O 15. Nc5 b6 16. Nd3 Ng6 17. Rc3 Qd7 18. Rfc1 Ba4 19. Rxc8 Bxb3 20. Rxf8+ Kxf8 21. axb3 Qb5 22. Rc3 Bb4 23. Nxb4 Qxb4 24. Bf1 Qa5 25. Nc1 Qa1 26. Nd3 Kg7 27. Kg2 Nf8 28. Rc7 Ng6 29.
h4 Qd1 30. Rxa7 Qxb3 31. h5 Nh8 32. Ne5 Qd1 33. h6+ Kxh6 34. Nxf7+ Nxf7 35. Rxf7 Kg6 36.
Re7 Kf6 37. Rxh7 Qb3 38. Rb7 Qxb2 39. Kf3 e5 40. dxe5+ Kxe5 41. Bd3 d4 42. exd4+ Qxd4 43. Re7+ Kf6 44. Re3 b5 45. Kg2 b4 46. Bc2 Kg5 47.
Kf1 Qd2 48. Bb3 f4 49. gxf4+ Kxf4 50. Kg2 Qc1 51. Ba4 Qc5 52. Bb3 Qg5+ 53. Kf1 Qd5 54.
Ke2 Qc5 55. Rd3 Qb5 56. Kd2 Qa5 57. Re3 Qg5 58. Ke2 Qh6 59. Rf3+ Ke4 60. Re3+ Kd4 61. Rd3+ Kc5 62. Rd5+ Kc6 63. Rd3 Qc1 64. Re3 Kc5 65. Rd3 Qb2+ 66. Kf1 Qc1+ 67. Ke2 Qf4 68. Re3 Kd4 69.
Rd3+ Kc5 70. Re3 Qg5 71. Rg3 Qe5+ 72. Re3 Qb2+ 73. Kf1 Qc1+ 74. Kg2 Qd2 75. Kf3 Qc1 76. Kg2 Qa1 77. Kf3 Qg7 78. Ke2 Qf6 79. Rf3 Qe5+ 80. Re3 Qf6 81. Rf3 Qb2+ 82. Kf1 Kd4 83. Kg2 Ke4 84.
Re3+ Kf4 85. Rf3+ Kg4 86. Rg3+ Kh4 87. Rh3+ Kg5 88. Rg3+ Kf6 89. Rf3+ Ke5 90. Re3+ Kd4 91. Kf3 Qc1 92. Kg2 Qc6+ 93. Kf1 Qh1+ 94. Ke2 Qg1 95. Rg3 Qc1 96. Re3 Qb2+ 97. Kf1 Qd2 98. Rg3 Ke4 99. Kg2 Kf4 1/2-1/2

[Event "Late-Titled-Tuesday-Blitz-February-13-2024"]
[Site "Chess.com"]
[Date "2024.02.13"]
[Round "6"]
[White "igorknyazev"]
[Black "hristos03"]
[Result "1-0"]
[WhiteElo "2201"]
[BlackElo "2353"]
[TimeControl "180+1"]
[EndTime "15:09:17 PST"]
[Termination "igorknyazev won on time"]

1. e4 e5 2. Nf3 d6 3. d4 exd4 4. Nxd4 Nf6 5. Nc3 Be7 6. Bd3 O-O 7. O-O Re8 8. h3 Bf8 9. Qf3 Nbd7 10. Bg5 Ne5 11. Qg3 Nxd3 12. cxd3 c6 13. Rfe1 Be7 14. Nf5 Bxf5 15. exf5 Qd7 16. Qf3 d5 17. Re2 h6 18.
Bh4 Nh7 19. Bxe7 Rxe7 20. Rxe7 Qxe7 21. Qe3 Qd7 22. Qf4 Re8 23. Kf1 Qe7 24. g4 Nf6 25. a3 c5 26. f3 b6 27. Qd2 d4 28. Ne4 Nxe4 29. fxe4 c4 30. Re1 cxd3 31. Qxd3 Qe5 32. Re2 Rc8 33. Rc2 Rxc2 34. Qxc2 Qg3 35. Qg2 Qe3 36.
Qe2 Qxh3+ 37. Ke1 Qb3 38. Kf2 a5 39. Qd2 Qc4 40. Kf3 Qc5 41. Kf4 Qd6+ 42. Kf3 Qe5 43. Qd3 Qd6 44. a4 Qb4 45. b3 Qc5 46. Kf4 Qc7+ 47. e5 Qc5 48. Ke4 Qc1 49. Kxd4 Qf4+ 50. Kc3 Qxg4 51. Qd8+ Kh7 52. Qxb6 Qxf5 53. Qxa5 Qf3+ 54.
Kb4 Qe4+ 55. Ka3 Qb1 56. Kb4 Qe1+ 57. Kb5 Qxe5+ 58. Ka6 Qxa5+ 59. Kxa5 h5 60. b4 h4 61. b5 h3 62. b6 h2 63. b7 h1=Q 64. b8=Q Qd5+ 65.
Qb5 Qa8+ 66. Kb4 Qe4+ 67. Qc4 Qe7+ 68. Qc5 Qe4+ 69. Kb3 Qd3+ 70. Qc3 Qd5+ 71. Ka3 g5 72. a5 g4 73. Qc2+ f5 74. Qc7+ Kg6 75. Qb6+ Kg5 76. a6 Qd3+ 77. Kb4 Qb1+ 78. Kc5 Qg1+ 79. Kc6 Qc1+ 80. Kd7 Qd2+ 81. Qd6 Qa2 82. Qe7+ Kf4 83. Qd6+ Kf3 84. Qc6+ Kg3 85. Qc7+ f4 86. a7 Qa4+ 87. Kd8 Kf3 88. Qb7+ Kg3 89. a8=Q 1-0

[Event "Late-Titled-Tuesday-Blitz-February-13-2024"]
[Site "Chess.com"]
[Date "2024.02.13"]
[Round "6"]
[White "titomagno_64"]
[Black "sari07"]
[Result "1-0"]
[WhiteElo "2225"]
[BlackElo "2382"]
[TimeControl "180+1"]
[EndTime "15:09:19 PST"]
[Termination "titomagno_64 won by checkmate"]

1. d4 d5 2. c4 c6 3. Nf3 Nf6 4. Nc3 Bf5 5. g3 dxc4 6. Ne5 Nbd7 7. Nxc4 Nb6 8. Ne5 Nfd7 9. Nxd7 Qxd7 10. Bg2 Bh3 11.
O-O h5 12. e4 h4 13. Qf3 Bg4 14. Qf4 g6 15. d5 hxg3 16. fxg3 O-O-O 17. Qxf7 e5 18. Qxd7+ Rxd7 19. h3 Bc5+ 20. Kh2 Rdh7 21. h4 Nc4 22. Bg5 Ne3 23. Rf6 Be7 24. Rxg6 Bxg5 25.
Rxg5 Bd7 26. Re1 Nc2 27. Re2 Nd4 28. Rf2 cxd5 29. Nxd5 Nc6 30. Rf6 Rh6 31. Rxh6 Rxh6 32.
Rg8+ Nd8 33. Ne7+ Kc7 34. Nd5+ Kc8 35. Bh3 Rd6 36. Bxd7+ Rxd7 37. h5 b6 38. g4 Kb7 39.
g5 Ne6 40. h6 Rh7 41. Kg3 Nxg5 42. Rxg5 Rxh6 43. Rxe5 Rh1 44. Re7+ Kc6 45. Rxa7 Rg1+ 46. Kf4 Rd1 47. Ke3 Re1+ 48. Kd3 Rh1 49. b3 Rh2 50. Kd4 Rd2+ 51. Ke3 Rd1 52. Rc7+ Kd6 53. Nc3 Re1+ 54.
Kd2 Rh1 55. Rc4 Rh2+ 56. Kd3 Rh1 57. Rd4+ Kc7 58. Kc4 Kb7 59. Nd5 Rc1+ 60. Kb4 Rb1 61. e5 Ra1 62. a4 Ka6 63. Nc7+ Kb7 64. Nb5 Re1 65. Rd5 Kc6 66. Rd6+ Kb7 67. e6 Re4+ 68. Kc3 Re1 69. Rd7+ Kc6 70. Rc7+ Kd5 71. e7 Re3+ 72. Kd2 Re5 73. Rd7+ Kc6 74. Rb7 Kxb7 75. e8=Q Rxe8 76. Nd6+ Kc6 77. Nxe8 Kc5 78. Kc3 b5 79. Nf6 b4+ 80. Kb2 Kd4 81. Ng4 Ke4 82. Nf6+ Kd4 83. Nd7 Kd5 84.
Nb6+ Kd4 85. a5 Kc5 86. Nd7+ Kb5 87. a6 Kxa6 88. Kc2 Kb5 89. Ne5 Kc5 90. Kd3 Kd5 91.
Nf3 Kc5 92. Nd4 Kd5 93. Nc2 Kc5 94. Ke4 Kb5 95. Kd4 Ka5 96. Kc4 Ka6 97. Kxb4 Kb6 98. Kc4 Ka6 99. b4 Kb6 100. b5 Ka5 101. Nb4 Kb6 102.
Nd5+ Ka5 103. Kc5 Ka4 104. b6 Ka5 105. Kc6 Ka6 106. Kc7 Ka5 107. b7 Ka6 108. b8=Q Ka5 109. Qb6+ Ka4 110. Qb4# 1-0

[Event "Late-Titled-Tuesday-Blitz-February-13-2024"]
[Site "Chess.com"]
[Date "2024.02.13"]
[Round "6"]
[White "TenisMaster"]
[Black "Agibileg"]
[Result "1/2-1/2"]
[WhiteElo "2926"]
[BlackElo "2749"]
[TimeControl "180+1"]
[EndTime "15:09:29 PST"]
[Termination "Game drawn by repetition"]

1. e4 e5 2. Nf3 Nc6 3. Bb5 a6 4. Ba4 Nf6 5. O-O d6 6. Bxc6+ bxc6 7. d4 exd4 8. Nxd4 c5 9. Ne2 Be7 10. Ng3 O-O 11. Nc3 a5 12. Re1 a4 13. h3 a3 14.
b3 Nd7 15. Nd5 Bf6 16. Nxf6+ Qxf6 17. Be3 Bb7 18. c4 Rfe8 19. f3 Ne5 20. Kh2 Nc6 21.
Qd2 Nd4 22. Rad1 h6 23. Bxd4 cxd4 24. Qxd4 Qf4 25. Qd2 Qe5 26. Re2 Bc6 27. Qe1 Qf4 28. Kh1 Re5 29. Nf5 Rae8 30. Nd4 Ba8 31. Qd2 Qf6 32. Nb5 Qe7 33. Rf2 f5 34. exf5 Rxf5 35. Nxa3 d5 36. Nb5 dxc4 37. bxc4 Qh4 38. Nxc7 Rc8 39. Nxa8 Rxa8 40. Re2 Qxc4 41. Qd3 Qf7 42. Qb3 Rfa5 43. Qxf7+ Kxf7 44. Rd7+ Kf8 45. Ree7 Rg5 46. Rf7+ Kg8 47. Ra7 Rb8 48. h4 Rg6 49. Rfb7 Rc8 50.
Rc7 Rb8 51. Rc2 Rb4 52. h5 Rh4+ 53. Kg1 Rxh5 54. a4 Rd5 55. Ra2 Rdd6 56. a5 Ra6 57. Rxa6 Rxa6 58. Kf2 Kf7 59. Ke3 Ke6 60. Kd4 Kd6 61. Kc4 Kc6 62. Kb4 Ra8 63. Rc2+ Kb7 64. Re2 Rb8 65. Re6 Ka7+ 66. Kc5 Rb2 67. Rg6 Rb7 68.
a6 Rd7 69. Kc4 Ka8 70. Kb5 Ka7 71. Kc5 Ka8 72. Kb6 Rf7 73. Re6 Rf8 74. Re7 g5 75. Rh7 Rf6+ 76. Kb5 Rg6 77. a7 g4 78. f4 g3 79. Kc5 Rf6 80. Kd5 Rxf4 81. Rxh6 Rf2 82. Rh7 Rxg2 83. Kc6 Rc2+ 84. Kb6 Rb2+ 85. Ka6 Ra2+ 86.
Kb6 Rh2 87. Rg7 Rb2+ 88. Ka6 Ra2+ 89. Kb6 Rb2+ 90. Ka6 Ra2+ 91. Kb6 Rb2+ 1/2-1/2

[Event "Late-Titled-Tuesday-Blitz-February-13-2024"]
[Site "Chess.com"]
[Date "2024.02.13"]
[Round "6"]
[White "ErikRonka"]
[Black "Miguelito"]
[Result "1/2-1/2"]
[WhiteElo "2573"]
[BlackElo "2760"]
[TimeControl "180+1"]
[EndTime "15:10:23 PST"]
[Termination "Game drawn by 50-move rule"]

1. e4 c5 2. Nf3 d6 3. d4 cxd4 4.
Nxd4 Nf6 5. Nc3 a6 6. Be3 Qc7 7.
f3 h5 8. Qd2 b5 9. a4 bxa4 10.
Nxa4 e6 11. c4 Nbd7 12. Be2 h4 13. O-O Be7 14. b4 Bb7 15. Nb3 Rb8 16. Na5 Ba8 17.
b5 h3 18. b6 Nxb6 19. Nxb6 Rxb6 20. Bxb6 Qxb6+ 21. Kh1 hxg2+ 22. Kxg2 Qc5 23. Rab1 Nd7 24. Bd1 Qh5 25. Kh1 Qh4 26. Ba4 Kd8 27. Nc6+ Bxc6 28. Bxc6 Nc5 29. Rb8+ Kc7 30. Rxh8 Qxh8 31. Ba4 Nxa4 32. Qa5+ Nb6 33. Rb1 Qb8 34. Qxa6 Qb7 35. Qb5 Qc6 36. Qa6 Bd8 37. Qa7+ Qb7 38. Qa3 Qc6 39.
c5 dxc5 40. Rc1 c4 41. Qf8 Qd7 42. Qxg7 Kb8 43. Qg1 Qd3 44. Qf2 Bc7 45. Kg2 c3 46. Qc2 Qxc2+ 47. Rxc2 Na4 48. f4 Bxf4 49. h4 Kc7 50. Kf3 Bh6 51. Ke2 Kd6 52. Kd3 Ke5 53.
Kc4 Kxe4 54. Kb4 Nb6 55. Kxc3 Nd5+ 56. Kb3 f5 57. Rg2 Nf4 58. Rg8 Kf3 59. Kc2 e5 60. Rh8 Bg7 61. Rh7 Bf6 62. h5 e4 63. Rf7 Be5 64. Rxf5 Bd4 65. Rf8 e3 66. Re8 e2 67.
Kd2 Kf2 68. h6 Bc5 69. h7 Bb4+ 70. Kc2 e1=Q 71. Rxe1 Bxe1 72. h8=Q Ng2 73. Qf6+ Kg1 74. Kb3 Bf2 75. Qf5 Ne3 76. Qb1+ Kg2 77. Ka4 Kf3 78. Qb8 Ke2 79. Qf8 Be1 80. Qg7 Bd2 81. Qh7 Nd1 82. Qh2+ Kd3 83. Kb5 Nc3+ 84. Kc6 Be3 85. Qh7+ Kd4 86.
Qh4+ Kd3 87. Qh7+ Kc4 88. Qh1 Bd4 89. Kd6 Bc5+ 90. Ke6 Nb5 91. Qf1+ Kb4 92. Kd5 Nc3+ 93. Kc6 Bd4 94. Qf4 Kc4 95. Qf7+ Kb4 96. Qb7+ Kc4 97. Qa6+ Kb3 98. Qd3 Be5 99. Kc5 Bf6 100. Qc4+ Kb2 101. Qb4+ Kc2 102. Kc4 Be5 103. Qb3+ Kd2 104. Qb2+ Ke3 105. Qc2 Kf4 106. Qd2+ Ke4 107. Qe1+ Kf4 108. Qf2+ Ke4 109. Qg2+ Kf5 110. Kd3 Bf6 111. Qf3+ Ke6 112. Kc4 Be5 113. Qg4+ Kf6 114. Qh4+ Kf5 115. Qh3+ Ke4 116. Kc5 Bd4+ 117. Kd6 Be5+ 118. Ke6 Bd4 119. Qg2+ Kd3 120. Kf5 Kc4 121. Qf1+ Kc5 122. Qc1 1/2-1/2

[Event "Late-Titled-Tuesday-Blitz-February-13-2024"]
[Site "Chess.com"]
[Date "2024.02.13"]
[Round "7"]
[White "aqibjbutt"]
[Black "AsaHoffmann"]
[Result "0-1"]
[WhiteElo "2085"]
[BlackElo "2431"]
[TimeControl "180+1"]
[EndTime "15:11:35 PST"]
[Termination "AsaHoffmann won by resignation"]

1. d4 Nf6 2. Nf3 d6 3. c4 c6 4. Nc3 Bf5 5. g3 h6 6. Bg2 Nbd7 7.
O-O e5 8. Re1 e4 9. Nh4 Bh7 10.
Bh3 g5 11. Nf5 g4 0-1

[Event "Late-Titled-Tuesday-Blitz-February-13-2024"]
[Site "Chess.com"]
[Date "2024.02.13"]
[Round "7"]
[White "VitaliyBernadskiy"]
[Black "dropstoneDP"]
[Result "1/2-1/2"]
[WhiteElo "2886"]
[BlackElo "3042"]
[TimeControl "180+1"]
[EndTime "15:12:35 PST"]
[Termination "Game drawn by repetition"]

1. Nf3 d5 2. g3 g6 3. Bg2 Bg7 4. O-O e5 5. d3 Ne7 6. e4 Nbc6 7.
exd5 Nxd5 8. Re1 O-O 9. Nbd2 h6 10. Nc4 Re8 11. Bd2 Bf5 12. Nh4 Be6 13. Nf3 Bf5 14. Nh4 Be6 15. Nf3 Bf5 1/2-1/2

[Event "Late-Titled-Tuesday-Blitz-February-13-2024"]
[Site "Chess.com"]
[Date "2024.02.13"]
[Round "7"]
[White "MikaelyanArman"]
[Black "annasargsyan_m"]
[Result "1-0"]
[WhiteElo "2816"]
[BlackElo "2583"]
[TimeControl "180+1"]
[EndTime "15:13:08 PST"]
[Termination "MikaelyanArman won by resignation"]

1. d4 Nf6 2. c4 g6 3. Nc3 d5 4. Nf3 Bg7 5. cxd5 Nxd5 6. e4 Nxc3 7. bxc3 c5 8. Bb5+ Bd7 9. Rb1 O-O 10. O-O Qa5 11.
Bxd7 Nxd7 12. Rxb7 Rfd8 13. Qb3 cxd4 14. cxd4 Rab8 15.
Bd2 Qa6 16. Rxd7 1-0

[Event "Late-Titled-Tuesday-Blitz-February-13-2024"]
[Site "Chess.com"]
[Date "2024.02.13"]
[Round "7"]
[White "Yushko_Olga"]
[Black "MoreChessJulia"]
[Result "1-0"]
[WhiteElo "2225"]
[BlackElo "2066"]
[TimeControl "180+1"]
[EndTime "15:13:13 PST"]
[Termination "Yushko_Olga won by resignation"]

1. d4 d5 2. c4 c6 3. cxd5 cxd5 4. Nc3 Nf6 5. Nf3 a6 6. Bf4 e6 7. e3 b5 8. Bd3 Nc6 9. O-O Bd6 10. Rc1 Bb7 11. Bg5 h6 12. Bh4 O-O 13. Re1 Be7 14.
Bb1 b4 15. Na4 Ne4 16. Bxe7 Nxe7 17. Nc5 Nxc5 18. Rxc5 Qd6 19. Qc2 Rfc8 20. Qh7+ Kf8 21. Qh8+ Ng8 22. Bh7 Ke7 23. Qxg7 Rxc5 24. dxc5 Qxc5 25.
Bxg8 1-0

[Event "Late-Titled-Tuesday-Blitz-February-13-2024"]
[Site "Chess.com"]
[Date "2024.02.13"]
[Round "7"]
[White "Hilary46"]
[Black "Zampronha1971"]
[Result "1-0"]
[WhiteElo "2624"]
[BlackElo "2358"]
[TimeControl "180+1"]
[EndTime "15:13:39 PST"]
[Termination "Hilary46 won by resignation"]

1. e4 c5 2. Nf3 e6 3. d4 cxd4 4. Nxd4 Nc6 5. Nc3 Qc7 6. Be3 a6 7. Qd2 Nf6 8. O-O-O Bb4 9. f3 Ne5 10. Nb3 b5 11. Kb1 O-O 12. Nxb5 axb5 13. Qxb4 Nc4 14. Bc5 Ra4 15. Qxb5 1-0

[Event "Late-Titled-Tuesday-Blitz-February-13-2024"]
[Site "Chess.com"]
[Date "2024.02.13"]
[Round "7"]
[White "ozates"]
[Black "Conejoviejo67"]
[Result "1-0"]
[WhiteElo "2587"]
[BlackElo "2443"]
[TimeControl "180+1"]
[EndTime "15:14:10 PST"]
[Termination "ozates won by checkmate"]

1. e4 e6 2. d4 d5 3. Nd2 Nf6 4.
e5 Nfd7 5. Bd3 c5 6. c3 Nc6 7. Ne2 Qb6 8. Nf3 Be7 9. O-O O-O 10. a3 a5 11. h4 f5 12. exf6 Nxf6 13.
Nf4 Bd6 14. Re1 Ne4 15. Bxe4 dxe4 16. Rxe4 cxd4 17. Ng5 e5 18. Nfe6 Bxe6 19. Nxe6 Rf6 20. Qg4 Rg6 21. Bg5 Re8 22. Nf4 Qxb2 23. Rae1 Rxg5 24. hxg5 Rf8 25. Qe6+ Kh8 26. Ng6+ hxg6 27. Rh4# 1-0

[Event "Late-Titled-Tuesday-Blitz-February-13-2024"]
[Site "Chess.com"]
[Date "2024.02.13"]
[Round "7"]
[White "GothamChess"]
[Black "Konavets"]
[Result "0-1"]
[WhiteElo "2712"]
[BlackElo "3014"]
[TimeControl "180+1"]
[EndTime "15:14:18 PST"]
[Termination "Konavets won by resignation"]

1. e4 e5 2. Nf3 Nc6 3. c3 d5 4.
Qa4 f6 5. Bb5 Ne7 6. exd5 Qxd5 7. d4 a6 8. c4 Qe4+ 9. Be3 exd4 10. Nbd2 Qg6 11. Nxd4 Bd7 12. O-O-O Rd8 13. Bxc6 Nxc6 14. Qc2 Nxd4 15. Bxd4 Qxc2+ 16. Kxc2 Bf5+ 17. Kc3 c5 0-1